 Dungeon Crawl Stone Soup version 0.19.0-19-g8c6edcc (webtiles) character file.

2918 mmcf the Blocker (level 10, -1/82 HPs)
             Began as a Formicid Fighter on Nov 14, 2016.
             Was a Follower of Qazlal.
             Slain by a yak (11 damage)
             ... on level 6 of the Dungeon.
             The game lasted 00:22:22 (8674 turns).

mmcf the Blocker (Formicid Fighter)                 Turns: 8674, Time: 00:22:23

Health: -1/82      AC: 11    Str: 21    XL:     10   Next: 6%
Magic:  12/12      EV:  7    Int:  9    God:    Qazlal [*.....]
Gold:   394        SH: 13    Dex: 14    Spells: 0 memorised, 9 levels left

rFire  . . .     SeeInvis +     a - +0 war axe
rCold  . . .     Gourm    .     s - +0 chain mail
rNeg   . . .     Faith    .     c - +1 shield
rPois  .         Spirit   .     (helmet unavailable)
rElec  .         Reflect  .     y - +0 cloak
rCorr  .         Harm     .     (no gloves)
MR     +....                    u - +0 pair of boots
Stlth  ..........               (no amulet)
                                (no ring)
                                m - +2 ring of dexterity

@: heavily drained
A: permanent stasis, dig shafts and tunnels, four strong arms, antennae 3
a: Dig, Shaft Self, Renounce Religion


You were on level 6 of the Dungeon.
You worshipped Qazlal.
Qazlal was aware of your devotion.
You were not hungry.

You visited 3 branches of the dungeon, and saw 11 of its levels.

You collected 394 gold pieces.

Inventory:

Hand Weapons
 a - a +0 war axe (weapon)
 b - a +0 arbalest
Missiles
 n - 50 bolts
 B - 5 javelins (quivered)
Armour
 c - a +1 shield (worn)
 g - a +1 ring mail of fire resistance
 s - a +0 chain mail (worn)
 u - a +0 pair of boots (worn)
 w - a +0 scale mail
 y - a +0 cloak (worn)
Jewellery
 m - a +2 ring of dexterity (left hand)
Wands
 E - a wand of flame (36/48)
 J - a wand of slowing (14/48)
Scrolls
 h - 2 scrolls of magic mapping {unknown}
 k - a scroll of enchant weapon {unknown}
 l - a scroll of recharging {unknown}
 p - 5 scrolls of enchant armour
 r - a scroll of fog {unknown}
 v - 5 scrolls of teleportation
 F - 2 scrolls of identify
 H - a scroll of fear {unknown}
Potions
 d - 2 potions of might
 e - 2 potions of lignification
 i - 2 potions of cure mutation
 q - 2 potions of invisibility
 t - 2 potions of ambrosia
 z - 2 potions of cancellation
 C - a potion of brilliance
 D - 2 potions of curing
Books
 j - a book of Misfortune

   Spells                             Type                      Level
   a - Confusing Touch                Hexes                        1
   b - Confuse                        Hexes                        3
   c - Gell's Gravitas                Hexes/Translocation          3
   d - Petrify                        Transmutation/Earth          4
   e - Metabolic Englaciation         Hexes/Ice                    5
   f - Yara's Violent Unravelling     Hexes/Transmutation          5
Comestibles
 f - 5 bread rations
 o - 6 meat rations
 x - 5 fruits
 A - 2 beef jerkies


   Skills:
 + Level 8.5(6.5) Fighting
 + Level 7.8(5.9) Axes
 - Level 4.0(2.2) Armour
 + Level 1.8(0.2) Dodging
 - Level 9.1(7.1) Shields
 + Level 3.2(1.5) Invocations


You had 9 spell levels left.
You didn't know any spells.

Dungeon Overview and Level Annotations

Branches:
Dungeon (9/15)             Temple (1/1) D:6            Lair (1/6) D:8
    Orc: D:9-12

Altars:
Ashenzari
Cheibriados
Dithmenos
Fedhas
Gozag
Hepliaklqana
Kikubaaqudgha
Makhleb
Nemelex Xobeh
Okawaru
Qazlal
Ru
Sif Muna
Trog
Uskayaw
Vehumet
Yredelemnul
Zin
The Shining One


Innate Abilities, Weirdness & Mutations

You are under a permanent stasis effect.
You can dig through walls and to a lower floor.
Your four strong arms can wield two-handed weapons with a shield.
You have a pair of large antennae on your head. (SInv)


Message History

The yak gores you!
* * * LOW HITPOINT WARNING * * *
The yak gores you but does no damage.
There is an escape hatch in the ceiling here.
There is a stone staircase leading up here.
The yak gores you.
* * * LOW HITPOINT WARNING * * *
You climb upwards.
The orc shouts!
There is a stone staircase leading down here.
You slash the yak!
The yak is almost dead.
The yak gores you!
* * * LOW HITPOINT WARNING * * *
You feel better. The orc closely misses you. The yak gores you.
* * * LOW HITPOINT WARNING * * *
Your chain mail prevents you from hitting the yak.
The yak is almost dead.
You slash the orc! You block the orc's attack. The yak gores you!
You die...

.#..##...## #.#...#
###....### ##.#...#
##..## ###..#...#
####...####........#
#....#......#.##...#
###...........##...#
##..##..##...##...#
##..####.....###oY.####
...## #.....###@..##.#
#### #.##...#####...#
########.##.#.......###
#...................#
..#######.#.....###.#####
.##.......#####.........#
....####### ####.#...[#
..<## #....<.# ##..##
###....#


You could see a yak and an orc.

Vanquished Creatures
  A komodo dragon (D:8)
  A hippogriff (D:7)
  Sigmund (D:6)
  A yak (D:8)
  A wyvern (D:8)
  A water moccasin (D:5)
  3 ogres
  2 black bears (D:7)
  A necrophage (D:6)
  A centaur (D:6)
  4 bullfrogs
  A scorpion (D:7)
  A water moccasin skeleton (D:8)
  3 howler monkeys (D:7)
  A crimson imp (D:7)
  A bullfrog zombie (D:7)
  A quasit (D:7)
  3 orc priests
  A hound (D:5)
  4 orc wizards
  A bullfrog skeleton (D:6)
  4 iguanas
  5 worker ants
  A killer bee zombie (D:6)
  A hound skeleton (D:7)
  A howler monkey zombie (D:5)
  2 gnolls (D:1)
  11 adders
  A shadow imp (D:7)
  A worker ant simulacrum (D:9)
  4 worms
  2 dart slugs (D:1)
  8 leopard geckos
  21 orcs
  2 ball pythons
  3 bat zombies (D:7)
  5 giant cockroaches
  7 goblins
  8 hobgoblins
  2 jackals
  2 quokkas
  8 bats
  6 frilled lizards
  7 kobolds
  A quokka skeleton (D:6)
  5 rats
  3 rat zombies (D:7)
  A plant (D:8)
156 creatures vanquished.

Vanquished Creatures (others)
  A scorpion (D:7)
  A plant (D:8)
2 creatures vanquished.

Grand Total: 158 creatures vanquished

Notes
Turn   | Place    | Note
-------+----------+-------------------------------------------
     0 | D:1      | mmcf the Formicid Fighter began the quest for the Orb.
     0 | D:1      | Reached XP level 1. HP: 18/18 MP: 1/1
    83 | D:1      | Reached XP level 2. HP: 15/24 MP: 2/2
   345 | D:1      | Reached XP level 3. HP: 29/29 MP: 3/3
   691 | D:2      | Reached XP level 4. HP: 37/37 MP: 4/4
   756 | D:2      | Found a faded altar of an unknown god.
   942 | D:2      | Found a basalt altar of Yredelemnul.
  1234 | D:3      | Reached XP level 5. HP: 43/43 MP: 5/5
  1256 | D:3      | Reached skill level 4 in Shields
  2352 | D:3      | Reached XP level 6. HP: 45/49 MP: 6/6
  2412 | D:3      | Noticed a hippogriff
  2572 | D:3      | You fall through a shaft for 3 floors!
  2822 | D:6      | Found a staircase to the Ecumenical Temple.
  2860 | Temple   | Entered the Ecumenical Temple
  3209 | D:6      | Reached skill level 5 in Fighting
  3209 | D:6      | Reached skill level 5 in Shields
  3385 | D:6      | Reached XP level 7. HP: 56/56 MP: 7/7
  3411 | D:5      | Entered Level 5 of the Dungeon
  3497 | D:5      | Noticed a water moccasin
  3503 | D:5      | Killed a water moccasin
  3503 | D:5      | Reached skill level 5 in Axes
  5147 | D:5      | Found a hide-covered altar of Uskayaw.
  5159 | D:5      | Reached skill level 6 in Shields
  5159 | D:5      | Reached XP level 8. HP: 43/64 MP: 8/8
  5456 | D:6      | Noticed Sigmund
  5653 | D:7      | Found a hazy altar of Hepliaklqana.
  6125 | D:6      | Killed Sigmund
  6125 | D:6      | Reached skill level 7 in Shields
  6438 | D:7      | Found a stormy altar of Qazlal.
  6447 | D:7      | Reached XP level 9. HP: 72/72 MP: 9/9
  6449 | D:7      | Became a worshipper of Qazlal Stormbringer
  6503 | D:7      | Noticed a hippogriff
  6509 | D:7      | Reached skill level 1 in Invocations
  6518 | D:7      | Killed a hippogriff
  6524 | D:7      | Reached skill level 8 in Shields
  7064 | D:7      | Reached * piety under Qazlal
  7292 | D:7      | Found an ancient bone altar of Kikubaaqudgha.
  7445 | D:8      | Reached skill level 9 in Shields
  7605 | D:8      | Found a staircase to the Lair.
  7606 | D:8      | Noticed a komodo dragon
  7631 | D:8      | Killed a komodo dragon
  7631 | D:8      | Reached skill level 1 in Dodging
  7631 | D:8      | Reached XP level 10. HP: 26/82 MP: 10/12
  7880 | Lair:1   | Entered Level 1 of the Lair of Beasts
  8672 | D:6      | HP: 2/82 [yak (13)]
  8674 | D:6      | Slain by a yak

Skill      XL: |  1  2  3  4  5  6  7  8  9 10 |
---------------+-------------------------------+-----
Armour         | 4 |  4.0
Fighting       | 4 5 6 7 8 |  8.5
Axes           | 3 4 5 6 7 |  7.8
Shields        | 4 5 6 7 9 |  9.1
Invocations    | 2 3 |  3.2
Dodging        | 1 |  1.8

Action                   |  1- 3 |  4- 6 |  7- 9 | 10-12 || total
-------------------------+-------+-------+-------+-------++-------
Melee: War axe           |    60 |   202 |   332 |    46 ||   640
 Fire: Arbalest          |       |       |     8 |       ||     8
 Abil: Shaft Self        |       |     1 |       |       ||     1
       Dig               |       |       |     3 |     2 ||     5
  Use: Scroll            |       |     6 |     3 |       ||     9
       Potion            |       |       |       |     1 ||     1
  Eat: Chunk             |       |     7 |    10 |     2 ||    19
       Pizza             |       |     1 |     1 |     1 ||     3
       Fruit             |       |       |     3 |       ||     3
Armor: Scale mail        |    25 |    84 |    56 |       ||   165
       Chain mail        |       |       |    77 |    25 ||   102
Dodge: Dodged            |    26 |    56 |    95 |    15 ||   192
Block: Shield            |    34 |   130 |   203 |    52 ||   419
